 Dungeon Crawl Stone Soup version 0.28.0-53-g5a82cb258f (webtiles) character file.

Game seed: 13517020249852529998

40 quixfox the Skirmisher (level 3, -3/33 HPs)
             Began as a Hill Orc Fighter on July 10, 2022.
             Killed from afar by Jessica (7 damage)
             ... with a puff of flame
             ... on level 2 of the Dungeon.
             The game lasted 00:01:22 (1368 turns).

quixfox the Skirmisher (Hill Orc Fighter)           Turns: 1368, Time: 00:01:23

Health: -3/33      AC:  7    Str: 20    XL:     3   Next: 50%
Magic:  3/3        EV:  9    Int:  8    God:
Gold:   43         SH:  4    Dex: 10    Spells: 2/2 levels left

rFire   . . .      SeeInvis .   a - +0 war axe
rCold   . . .      Faith    .   c - +0 buckler
rNeg    . . .      Spirit   .   b - +0 scale mail
rPois   .          Reflect  .   (no helmet)
rElec   .          Harm     .   (no cloak)
rCorr   .          Rampage  .   (no gloves)
Will    .....                   (no boots)
Stlth   ..........              (no amulet)
HPRegen 0.11/turn               (no ring)
MPRegen 0.08/turn               (no ring)

@: no status effects
A: no striking features
a: no special abilities


You were on level 2 of the Dungeon.
You visited 1 branch of the dungeon, and saw 2 of its levels.

You collected 43 gold pieces.

Inventory:

Hand Weapons
 a - a +0 war axe (weapon)
Armour
 b - a +0 scale mail (worn)
 c - a +0 buckler (worn)
Scrolls
 e - a scroll of holy word {unknown}
 f - 3 scrolls of enchant armour {unknown}
 g - a scroll of teleportation {unknown}
 i - a scroll of vulnerability {unknown}
Potions
 d - a potion of might
 h - a potion of curing {unknown}


   Skills:
 + Level 4.1 Fighting
 * Level 4.1 Axes
 + Level 3.7 Armour
 - Level 3.2 Shields


You had 2 spell levels left.
You didn't know any spells.
Your spell library was empty.

Dungeon Overview and Level Annotations

Branches:
Dungeon (2/15)

Altars:
Ashenzari

Annotations:
D:2 Jessica


Message History

The bat barely misses you. The bat hits you but does no damage. x2
You hit the bat.
You kill the bat!
No target in view!
HP restored.
You open the door.
There is an open door here.
You now have 43 gold pieces (gained 6).
You open the door.
There is an open door here.
Jessica the Apprentice Sorceress comes into view.
She is wielding a +0 dagger and carrying a wand of flame (28).
Jessica zaps a wand.
You block the puff of flame.
Jessica drinks a potion.
Jessica flickers and vanishes!
Deactivating autopickup; reactivate with Ctrl-A.
No target in view!
No target in view!
No target in view!
No target in view!
You closely miss something. You block something's attack.
Something hits you but does no damage.
You hit something.
You hear some strange, mumbled words.
Pain shoots through your body!
You closely miss something. Something hits you. x2
You hit something. Something hits you but does no damage.
You closely miss something. Something hits you.
You miss something. Something hits you but does no damage.
You miss something. Something hits you.
You hear some strange, mumbled words.
You hear some strange, mumbled words.
Pain shoots through your body!
* * * LOW HITPOINT WARNING * * *
You hear a zap.
A puff of flame appears from out of thin air!
The puff of flame misses you.
You miss something.
You hear a zap.
A puff of flame appears from out of thin air!
The puff of flame hits you!
You die...

#......
##
#......
#..
##.....
#.#
#.....
#.######
#.....
#......#
#.....
#......#
#.....
#....{.#
#.....
#...@..#
###.....
#.######
#.......
#.#
#...####
#.#
#......#
#.#
#.......
#.#
#..._...
#.#
#.......
#.#
#.......
#.#
#...##..


There were no monsters in sight!

Vanquished Creatures
  2 worms (D:2)
  A dart slug (D:1)
  An orc (D:2)
  3 endoplasms (D:1)
  3 giant cockroaches (D:1)
  2 goblins (D:2)
  A hobgoblin (D:1)
  4 kobolds
  3 quokkas
  2 bats
  A frilled lizard (D:1)
  7 rats (D:1)
30 creatures vanquished.

Notes
Turn   | Place    | Note
-------+----------+-------------------------------------------
     0 | D:1      | quixfox the Hill Orc Fighter began the quest for the Orb.
     0 | D:1      | Reached XP level 1. HP: 19/19 MP: 1/1
   158 | D:1      | Reached XP level 2. HP: 26/27 MP: 2/2
   359 | D:1      | Found a faded altar of an unknown god.
   706 | D:1      | Reached XP level 3. HP: 31/33 MP: 3/3
  1237 | D:2      | Found a broken altar of Ashenzari.
  1353 | D:2      | Noticed Jessica
  1368 | D:2      | Killed from afar by Jessica

Illustrated notes

Levels and vault maps discovered:
D:1:      lightli_arrival_boilingwater, layout_basic,
          shapermc_ecumenical_altar_flowoftime
D:2:      layout_basic, basic_altar, uniq_jessica

Skill      XL: |  1  2  3 |
---------------+----------+-----
Axes           | 3 4 |  4.1
Fighting       | 4 |  4.1
Armour         | |  3.7
Shields        | |  3.2

Action                   || total
-------------------------++-------
Melee: War axe           ||    73
Armor: Scale mail        ||    34
Dodge: Dodged            ||    29
Block: Buckler           ||    17
